 Dungeon Crawl Stone Soup version 0.24-a0-201-gf205589 (console) character file.

Game seed: 7946119668879278173

70 bli the Slasher (level 4, -1/35 HPs)
             Began as a Formicid Abyssal Knight on Mar 20, 2019.
             Was a Believer of Lugonu.
             Succumbed to Terence's poison
             ... on level 3 of the Dungeon.
             The game lasted 00:05:31 (1841 turns).

bli the Slasher (Formicid Abyssal Knight)           Turns: 1841, Time: 00:05:32

Health: -1/35      AC:  4    Str: 17    XL:     4   Next: 45%
Magic:  5/5        EV: 12    Int: 11    God:    Lugonu [**....]
Gold:   175        SH:  0    Dex: 11    Spells: 3/3 levels left

rFire    . . .     SeeInvis +   a - +1 falchion
rCold    . . .     Gourm    .   (no shield)
rNeg     . . .     Faith    .   b - +0 leather armour
rPois    .         Spirit   .   (helmet unavailable)
rElec    .         Reflect  .   (no cloak)
rCorr    .         Harm     .   (no gloves)
MR       .....                  m - +0 pair of boots
Stlth    +.........             (no amulet)
HPRegen  0.11/turn              (no ring)
MPRegen  0.09/turn              (no ring)

@: lethally poisoned (-1 -> -30)
A: permanent stasis, dig shafts and tunnels, four strong arms, antennae 3
a: Dig, Shaft Self, Depart the Abyss, Bend Space, Renounce Religion


You were on level 3 of the Dungeon.
You worshipped Lugonu.
Lugonu was pleased with you.
You were not hungry.

You visited 1 branch of the dungeon, and saw 3 of its levels.
You visited the Abyss 1 time.

You collected 175 gold pieces.

Inventory:

Hand Weapons
 a - a +1 falchion (weapon)
Missiles
 e - 75 stones (quivered)
 g - 44 sling bullets
 j - 4 tomahawks of returning
Armour
 b - a +0 leather armour (worn)
 m - a +0 pair of boots (worn)
Scrolls
 f - a scroll of blinking {unknown}
 k - a scroll of enchant weapon {unknown}
 l - a scroll of remove curse {unknown}
 n - a scroll of immolation {unknown}
 o - 2 scrolls of teleportation {unknown}
 s - a scroll of identify {unknown}
Potions
 d - a potion of lignification {unknown}
 h - 3 potions of curing {unknown}
 i - a potion of might {unknown}
 p - a potion of haste {unknown}
 q - 2 potions of berserk rage {unknown}
 t - a potion of agility
Comestibles
 c - 7 rations
 r - 3 chunks of flesh


   Skills:
 - Level 3.2 Fighting
 + Level 3.4 Long Blades
 - Level 2.1 Armour
 * Level 2.4 Dodging
 - Level 2.1 Invocations


You had 3 spell levels left.
You didn't know any spells.
Your spell library was empty.

Dungeon Overview and Level Annotations

Branches:
Dungeon (3/15)

Altars:
Okawaru

Annotations:
D:3 Terence


Innate Abilities, Weirdness & Mutations

You cannot be hasted, slowed, berserked, paralysed or teleported.
You can dig through walls and to a lower floor.
Your four strong arms can wield two-handed weapons with a shield.
You have a pair of large antennae on your head. (SInv)


Message History

You sense a monster nearby.
Terence the Incautious comes into view.
He is wielding a +2 mace of venom and wearing a +0 scale mail of fire resistance.
Terence shouts!
Terence drinks a potion.
Terence suddenly seems more agile.
Terence hits you with a +2 mace of venom.
You are poisoned.
You miss Terence.
You feel sick. Terence closely misses you.
You closely miss Terence. Terence hits you but does no damage.
You are lethally poisoned!
You barely miss Terence.
You feel sick.
Terence hits you with a +2 mace of venom!
* * * LOW HITPOINT WARNING * * *
You are more poisoned.
You closely miss Terence.
* * * LOW HITPOINT WARNING * * *
You feel very sick. Terence closely misses you.
You hit Terence.
Terence is moderately wounded.
You die...

##########
#....@@..#
#.######.#
####.#
..##.#
#.##.#
#.##.#
#.###.##.#
#........#
#####.####
.# #..#
...+# ##.#


You could see Terence.

Vanquished Creatures
  2 adders
  2 worms
  A dart slug (D:1)
  2 orcs
  2 giant cockroaches (D:2)
  A goblin (D:1)
  7 hobgoblins
  2 jackals (D:1)
  8 kobolds
  A ball python (D:2)
  6 bats
  A frilled lizard (D:3)
  7 rats
42 creatures vanquished.

Notes
Turn   | Place    | Note
-------+----------+-------------------------------------------
     0 | Abyss:1  | bli the Formicid Abyssal Knight began the quest for the
                  | Orb.
     0 | Abyss:1  | Reached XP level 1. HP: 18/18 MP: 2/2
   116 | Abyss:1  | Noticed a thrashing horror
   137 | Abyss:1  | Noticed a white draconian
   166 | Abyss:1  | Found an opulent altar of Gozag.
   176 | Abyss:1  | Noticed a neqoxec
   176 | Abyss:1  | Noticed a small abomination
   182 | D:1      | Escaped the Abyss
   228 | D:1      | Reached skill level 1 in Dodging
   278 | D:1      | Reached * piety under Lugonu
   278 | D:1      | Reached XP level 2. HP: 14/24 MP: 3/3
   538 | D:1      | Reached XP level 3. HP: 15/29 MP: 4/4
   959 | D:2      | Reached XP level 4. HP: 35/35 MP: 5/5
  1600 | D:3      | Found an iron altar of Okawaru.
  1778 | D:3      | Reached ** piety under Lugonu
  1834 | D:3      | Noticed Terence
  1840 | D:3      | HP: 1/35 [poisoned by Terence]
  1841 | D:3      | Succumbed to Terence's poison

Levels and vault maps discovered:
D:1:      minmay_arrival_wavy_path, layout_loops_ring, hangedman_feature_mirror,
          kennysheep_flooded_box
D:2:      layout_basic
D:3:      layout_loops_corners, lemuel_coloured_pillars_altar,
          gammafunk_temple_overflow_wave, okawaru_metal_pillars_1_2,
          uniq_terence
Abyss:1:  hangedman_abyss_shoalhut

Skill      XL: |  1  2  3 |
---------------+----------+-----
Dodging        | 1 2 |  2.4
Long Blades    | 3 |  3.4
Fighting       | |  3.2
Armour         | |  2.1
Invocations    | |  2.1

Action                   |  1- 3 |  4- 6 || total
-------------------------+-------+-------++-------
Melee: Falchion          |    97 |    47 ||   144
Invok: Depart the Abyss  |     1 |       ||     1
 Abil: Dig               |     1 |       ||     1
  Eat: Chunk             |       |     3 ||     3
Armor: Leather armour    |    33 |    18 ||    51
Dodge: Dodged            |    78 |    25 ||   103
       Rpst.: Falchion   |    27 |     8 ||    35

Table legend:
 A = Non-vault XP
 B = Vault XP
 C = Vault XP percentage of total XP
 D = Non-vault monster count
 E = Vault monster count
 F = Vault count percentage of total count
                 A         B        C        D         E       F
            +---------+---------+-------+---------+---------+-------
      Total |      97 |       4 |   4.0 |      40 |       2 |   4.8
            +---------+---------+-------+---------+---------+-------
        D:1 |      46 |       4 |   8.0 |      18 |       2 |  10.0
        D:2 |      27 |       0 |   0.0 |      16 |       0 |   0.0
        D:3 |      24 |       0 |   0.0 |       6 |       0 |   0.0
            +---------+---------+-------+---------+---------+-------
